 Dungeon Sprint DCSS version 0.21-a0-297-ga3d34c2 (webtiles) character file.

22 Kidiri the Insei (level 2, 0/21 HPs)
             Began as a Demonspawn Transmuter on Sept 28, 2017.
             Was a Believer of Qazlal.
             Slain by a rat (2 damage)
             ... in the Dungeon (Sprint VII: "The Pits").
             The game lasted 00:01:17 (442 turns).

Kidiri the Insei (Demonspawn Transmuter)             Turns: 442, Time: 00:01:18

Health: 0/21       AC:  2    Str: 10    XL:     2   Next: 68%
Magic:  5/5        EV: 13    Int: 14    God:    Qazlal [**....]
Gold:   0          SH:  2    Dex: 13    Spells: 5/6 levels left

rFire    . . .     SeeInvis .     - Unarmed
rCold    . . .     Gourm    .   (no shield)
rNeg     . . .     Faith    .   b - +0 robe
rPois    .         Spirit   .   (no helmet)
rElec    .         Reflect  .   (no cloak)
rCorr    .         Harm     .   (no gloves)
MR       .....     NoTele   +   (boots currently unavailable)
Stlth    +.........             (no amulet)
HPRegen  0.07/turn              (no ring)
MPRegen  0.09/turn              (no ring)

@: lethally poisoned (0 -> -2), appendage (expiring)
A: talons 3, demonic guardian 1
a: End Transformation, Upheaval, Renounce Religion


You were in the Dungeon.
You worshipped Qazlal.
Qazlal was pleased with you.
You were not hungry.
You had grown temporary talons.
You visited 1 branch

Inventory:

Missiles
 a - 12 arrows
 r - 10 stones (quivered)
Armour
 b - a +0 robe (worn)
Scrolls
 j - a scroll of blinking
 m - 3 scrolls of remove curse
 n - 5 scrolls of amnesia
 o - a scroll of summoning
Potions
 f - a potion of heal wounds
 g - a potion of haste
 h - 4 potions of magic
 i - 3 potions of berserk rage
 l - 2 potions of invisibility
Books
 c - a book of Changes

   Spells                             Type                      Level
   a - Beastly Appendage              Transmutation                1
   b - Sticks to Snakes               Transmutation                2
   c - Spider Form                    Transmutation/Poison         3
   d - Ice Form                       Ice/Transmutation            4
   e - Blade Hands                    Transmutation                5
Comestibles
 d - 8 bread rations
 p - 40 fruits
 q - 7 meat rations


   Skills:
 + Level 1.6 Fighting
 + Level 1.1 Armour
 * Level 2.8 Dodging
 * Level 3.4 Unarmed Combat
 + Level 2.6 Spellcasting
 * Level 2.9 Transmutations
 + Level 1.6 Invocations


You had 5 spell levels left.
You knew the following spells:

 Your Spells              Type           Power        Failure   Level  Hunger
a - Beastly Appendage     Tmut           #.....       7%          1    #......


Dungeon Overview and Level Annotations

Branches:
Dungeon (1/1)

Altars:
Ashenzari
Cheibriados
Dithmenos
Elyvilon
Fedhas
Gozag
Hepliaklqana
Kikubaaqudgha
Makhleb
Nemelex Xobeh
Okawaru
Qazlal
Ru
Sif Muna
Trog
Uskayaw
Vehumet
Wu Jian
Xom
Yredelemnul
Zin
The Shining One
Beogh
Jiyva
Lugonu


Innate Abilities, Weirdness & Mutations

A weak demonic guardian rushes to your aid.
You have claws for feet.


Message History

The adder is severely wounded.
Your transformation is almost over.
The adder closely misses you.
You miss the adder.
The adder is severely wounded.
The adder bites you but does no damage.
You closely miss the adder.
The adder is severely wounded.
You feel sick. The adder closely misses you. The adder bites you.
* * * LOW HITPOINT WARNING * * *
You miss the adder. You claw the adder.
You kill the adder!
Qazlal accepts your kill.
Unknown command.
You completely miss the rat. The rat bites you.
* * * LOW HITPOINT WARNING * * *
You hit the rat but do no damage.
* * * LOW HITPOINT WARNING * * *
You feel sick. The rat bites you.
You die...

#_______...###########
##########+##.........
#.?|.+)))+.##......#..
##########.##.........
#.......÷.÷.'.........
#+#####'#####......#..
#...#.# #.........
#..§#.# ####+#####
#..@'.# #.......#
##r#### #.......#
#.....# #.......#
#.....# #...<...#
#....... #.......#
#........##.......#
###########.......#
#########


You could see a rat.

Vanquished Creatures
  An adder (D)
  An ooze (D)
  An orc (D)
  2 hobgoblins (D)
  A quokka (D)
  A goblin (D)
  A quokka skeleton (D)
8 creatures vanquished.

Notes
Turn   | Place    | Note
-------+----------+-------------------------------------------
     0 | D        | Kidiri the Demonspawn Transmuter began the quest for the Orb.
     0 | D        | Reached XP level 1. HP: 15/15 MP: 3/3
   157 | D        | Found a bloodstained altar of Trog.
   157 | D        | Found a deep blue altar of Sif Muna.
   157 | D        | Found a viscous altar of Jiyva.
   157 | D        | Found a hazy altar of Hepliaklqana.
   157 | D        | Found an opulent altar of Gozag.
   158 | D        | Found a glowing golden altar of the Shining One.
   158 | D        | Found a glowing silver altar of Zin.
   158 | D        | Found a basalt altar of Yredelemnul.
   158 | D        | Found a shimmering altar of Xom.
   158 | D        | Found an ornate altar of the Wu Jian Council.
   158 | D        | Found a sacrificial altar of Ru.
   158 | D        | Found a stormy altar of Qazlal.
   158 | D        | Found an iron altar of Okawaru.
   158 | D        | Found a sparkling altar of Nemelex Xobeh.
   158 | D        | Found a burning altar of Makhleb.
   158 | D        | Found a blossoming altar of Fedhas.
   158 | D        | Found a white marble altar of Elyvilon.
   158 | D        | Found a shadowy altar of Dithmenos.
   158 | D        | Found a snail-covered altar of Cheibriados.
   161 | D        | Found a corrupted altar of Lugonu.
   161 | D        | Found a radiant altar of Vehumet.
   161 | D        | Found a roughly hewn altar of Beogh.
   162 | D        | Found an ancient bone altar of Kikubaaqudgha.
   162 | D        | Found a hide-covered altar of Uskayaw.
   162 | D        | Found a shattered altar of Ashenzari.
   165 | D        | Became a worshipper of Qazlal Stormbringer
   206 | D        | Reached skill level 3 in Unarmed Combat
   217 | D        | Reached skill level 1 in Invocations
   306 | D        | Reached * piety under Qazlal
   306 | D        | Gained mutation: A weak demonic guardian rushes to your aid. [demonic ancestry]
   306 | D        | Reached XP level 2. HP: 21/21 MP: 3/5
   420 | D        | Reached skill level 1 in Armour
   422 | D        | Reached ** piety under Qazlal
   442 | D        | Slain by a rat

Vault maps used:
D:        pitsprint

Skill      XL: |  1  2 |
---------------+-------+-----
Transmutations | 2 |  2.9
Dodging        | 2 |  2.8
Unarmed Combat | 3 |  3.4
Invocations    | 1 |  1.6
Armour         | 1 |  1.1
Fighting       | |  1.6
Spellcasting   | |  2.6

Action                   || total
-------------------------++-------
Melee: Unarmed           ||    42
       Kick              ||     3
       Headbutt          ||     3
       Punch             ||     1
 Cast: Beastly Appendage ||     6
  Use: Potion            ||     1
Armor: Robe              ||     3
Dodge: Dodged            ||    25
Block: Other             ||     2

Table legend:
 A = Spawn XP
 B = Non-spawn XP
 C = Spawn XP percentage of total XP
 D = Spawn monster count
 E = Non-spawn monster count
 F = Spawn count percentage of total count
 G = Total turns spent on level
                    A         B        C        D         E        F      G
               +---------+---------+-------+---------+---------+-------+---------
         Total |       0 |      32 |   0.0 |       0 |       8 |   0.0 |   442
               +---------+---------+-------+---------+---------+-------+---------
             D |       0 |      32 |   0.0 |       0 |       8 |   0.0 |   442
               +---------+---------+-------+---------+---------+-------+---------
